 Dungeon Sprint DCSS version 0.30-a0-335-ge5acde7520 (webtiles) character file.

Game seed: 4437251359418363996

1430 mhtbhm the Protected (level 8, -2/83 HPs)
             Began as an Armataur Fighter on Oct 30, 2022.
             Was an Initiate of Gozag.
             Slain by a seven-headed hydra (6 damage)
             ... in the Dungeon (Sprint IX: "|||||||||||||||||||||||||||||").
             The game lasted 00:02:11 (672 turns).

mhtbhm the Protected (Armataur Fighter)              Turns: 672, Time: 00:02:12

Health: -2/83      AC: 17    Str: 23    XL:     8   Next: 44%
Magic:  8/8        EV:  7    Int:  8    God:    Gozag
Gold:   265        SH:  6    Dex: 11    Spells: 7/7 levels left

rFire   . . .      SeeInvis .    a - +2 morningstar (pain)
rCold   . . .      Faith    .    c - +0 buckler
rNeg    . . .      Spirit   .    b - +0 plate armour
rPois   .          Reflect  .    (no helmet)
rElec   .          Harm     .    m - +0 cloak
rCorr   .          Roll     +    (no gloves)
Will    .....      NoTele   +    (no barding)
Stlth   ..........               (no amulet)
HPRegen 0.33/turn                n - +2 ring of protection
MPRegen 0.11/turn                o - +2 ring of evasion

@: mighty, invisible
A: large, rugged brown scales 3, deformed body, armoured tail, roll, long
tongue, awkward tongue
a: Renounce Religion, Potion Petition, Call Merchant, Bribe Branch


You were in the Dungeon.
You worshipped Gozag.
Gozag was aware of your devotion.
You visited 1 branch You collected 540 gold pieces.
You paid 275 gold pieces to Gozag.

Inventory:

Hand Weapons
 a - a +2 morningstar of pain (weapon)
Armour
 b - a +0 plate armour (worn)
 c - a +0 buckler (worn)
 m - a +0 cloak (worn)
Jewellery
 n - a +2 ring of protection (left hand)
 o - a +2 ring of evasion (right hand)
Scrolls
 k - 2 scrolls of amnesia
Potions
 h - 4 potions of magic


   Skills:
 + Level 9.2 Fighting
 + Level 8.5 Maces & Flails
 + Level 12.4 Armour
 + Level 1.7 Dodging
 + Level 2.6 Stealth
 + Level 9.3 Shields
 + Level 2.9 Evocations


You had 7 spell levels left.
You didn't know any spells.
Your spell library was empty.

Dungeon Overview and Level Annotations

Branches:
Dungeon (1/1)

Altars:
Cheibriados
Dithmenos
Elyvilon
Fedhas
Gozag
Hepliaklqana
Kikubaaqudgha
Makhleb
Nemelex Xobeh
Okawaru
Qazlal
Ru
Sif Muna
Trog
Uskayaw
Vehumet
Wu Jian
Xom
Yredelemnul
Zin
The Shining One
Jiyva
Lugonu


Innate Abilities, Weirdness & Mutations

You are completely covered in rugged brown scales. (AC +3, +7% HP)
Armour fits poorly on your strangely shaped body.
You have a long armoured tail.
You roll when moving toward enemies. (Rampage)
Your long tongue fully drains potion bottles. (2x potion effects)
Your tongue gives you trouble enunciating. (1.5x scroll delay)


Message History

* * * LOW HITPOINT WARNING * * *
The seven-headed hydra bites you.
* * * LOW HITPOINT WARNING * * *
Unknown command.
You aren't carrying any items that you can evoke.
You aren't carrying any items that you can evoke.
Unknown command.
You slurp down every last drop of the potion of curing!
You feel better. The seven-headed hydra bites you!
* * * LOW HITPOINT WARNING * * *
The seven-headed hydra bites you but does no damage. x3
The seven-headed hydra bites you.
* * * LOW HITPOINT WARNING * * *
The seven-headed hydra bites you!
* * * LOW HITPOINT WARNING * * *
The seven-headed hydra closely misses you.
Unknown command.
You impale the seven-headed hydra!!
The seven-headed hydra is severely wounded.
The seven-headed hydra bites you but does no damage.
The seven-headed hydra bites you.
* * * LOW HITPOINT WARNING * * *
The seven-headed hydra bites you.
* * * LOW HITPOINT WARNING * * *
The seven-headed hydra bites you but does no damage.
You block the seven-headed hydra's attack.
The seven-headed hydra bites you.
* * * LOW HITPOINT WARNING * * *
You block the seven-headed hydra's attack.
Unknown command.
You barely miss the seven-headed hydra.
The seven-headed hydra is heavily wounded.
You block the seven-headed hydra's attack.
The seven-headed hydra bites you.
* * * LOW HITPOINT WARNING * * *
You block the seven-headed hydra's attack.
The seven-headed hydra bites you but does no damage.
The seven-headed hydra bites you.
You die...
Your body crumbles into a pile of gold. $$$$$$$$$$$ ▓▓▓▓▓▓▓▓▓▓▓▓▓▓▓▓▓▓▓▓▓▓▓▓▓▓ ________'...9.BD@..$'...<▓ ▓▓▓▓▓▓▓▓▓▓▓▓▓▓▓▓▓▓▓▓▓▓▓▓▓▓

You could see a boulder beetle (unable to see you), a seven-headed hydra (unable to see you) and a gargoyle (unable to see you).

Vanquished Creatures
  A boulder beetle (D)
  A kobold demonologist (D)
  A wraith (D)
  A wyvern (D)
  2 centaurs (D)
  A killer bee (D)
  An iguana (D)
  An orc wizard (D)
  3 adders (D)
  An orc (D)
  2 endoplasms (D)
  A ball python (D)
  A frilled lizard (D)
  A rat (D)
18 creatures vanquished.

Notes
Turn   | Place    | Note
-------+----------+-------------------------------------------
     0 | D        | mhtbhm the Armataur Fighter began the quest for the Orb.
     0 | D        | Reached XP level 1. HP: 19/19 MP: 1/1
    10 | D        | Reached skill level 4 in Armour
    46 | D        | Noticed an iguana
    55 | D        | Reached XP level 2. HP: 27/27 MP: 2/2
    59 | D        | Reached skill level 5 in Armour
    63 | D        | Reached skill level 5 in Shields
    63 | D        | Reached XP level 3. HP: 36/36 MP: 3/3
    65 | D        | Reached skill level 6 in Armour
    71 | D        | Found a snail-covered altar of Cheibriados.
    71 | D        | Found a shadowy altar of Dithmenos.
    71 | D        | Found a white marble altar of Elyvilon.
    71 | D        | Found a blossoming altar of Fedhas.
    71 | D        | Found an opulent altar of Gozag.
    72 | D        | Found a hazy altar of Hepliaklqana.
    73 | D        | Found a viscous altar of Jiyva.
    74 | D        | Found an ancient bone altar of Kikubaaqudgha.
    75 | D        | Found a corrupted altar of Lugonu.
    76 | D        | Found a burning altar of Makhleb.
    77 | D        | Found a sparkling altar of Nemelex Xobeh.
    78 | D        | Found an iron altar of Okawaru.
    79 | D        | Found a stormy altar of Qazlal.
    80 | D        | Found a sacrificial altar of Ru.
    81 | D        | Found a shimmering blue altar of Sif Muna.
    82 | D        | Found a bloodstained altar of Trog.
    83 | D        | Found a hide-covered altar of Uskayaw.
    84 | D        | Found a radiant altar of Vehumet.
    85 | D        | Found an ornate altar of the Wu Jian Council.
    93 | D        | Became a worshipper of Gozag Ym Sagoz the Greedy
   101 | D        | Found a shimmering altar of Xom.
   102 | D        | Found a basalt altar of Yredelemnul.
   103 | D        | Found a glowing silver altar of Zin.
   104 | D        | Found a glowing golden altar of the Shining One.
   253 | D        | Noticed a centaur
   253 | D        | Noticed a wyvern
   253 | D        | Noticed a centaur
   253 | D        | Noticed a wraith
   253 | D        | Noticed a killer bee
   255 | D        | Killed a killer bee
   255 | D        | Killed a centaur
   256 | D        | Reached skill level 7 in Armour
   256 | D        | Reached XP level 4. HP: 47/47 MP: 4/4
   256 | D        | Reached XP level 5. HP: 53/53 MP: 5/5
   259 | D        | Killed a wraith
   260 | D        | Reached skill level 5 in Maces & Flails
   260 | D        | Reached skill level 9 in Armour
   260 | D        | Reached skill level 1 in Stealth
   260 | D        | Reached XP level 6. HP: 57/64 MP: 6/6
   260 | D        | Killed a wyvern
   261 | D        | Reached skill level 10 in Armour
   266 | D        | Reached skill level 1 in Dodging
   266 | D        | Reached XP level 7. HP: 62/72 MP: 7/7
   301 | D        | Noticed an efreet
   301 | D        | Noticed a boulder beetle
   301 | D        | Noticed a gargoyle
   301 | D        | Noticed a kobold demonologist
   301 | D        | Noticed a seven-headed hydra
   301 | D        | Noticed a boulder beetle
   303 | D        | Noticed a chaos spawn
   313 | D        | Killed a boulder beetle
   314 | D        | Reached skill level 11 in Armour
   314 | D        | Reached XP level 8. HP: 25/83 MP: 8/8
   317 | D        | Noticed a soul eater
   408 | D        | Killed a kobold demonologist
   409 | D        | Reached skill level 12 in Armour
   671 | D        | HP: 4/83 [seven-headed hydra (3)]
   672 | D        | Slain by a seven-headed hydra

Illustrated notes

Levels and vault maps discovered:
D:        linesprint [early_d, line_temple, items_1, d_10, items_2, lair_1,
          lair_end, items_3, orc_1, orc_end, items_4, d_15, swamp_1, shoals_1,
          snake_1, spider_1, d_20, vaults_1, items_5, swamp_end, shoals_end,
          snake_end, spider_end, vaults_end, d_27, items_6, zot_1, zot_end,
          crypt_end, forest_end, elf_end, slime_end, tomb_end, abyss_end,
          pan_hell_end]

Skill      XL: |  1  2  3  4  5  6  7  8 |
---------------+-------------------------+-----
Fighting       | 3 4 6 7 8 9 |  9.2
Armour         | 4 5 7 9 10 11 12 | 12.4
Maces & Flails | 2 3 4 5 6 8 |  8.5
Shields        | 4 5 6 7 8 9 |  9.3
Stealth        | 1 2 |  2.6
Dodging        | 1 |  1.7
Evocations     | 2 |  2.9

Action                   |  1- 3 |  4- 6 |  7- 9 || total
-------------------------+-------+-------+-------++-------
Melee: Flail             |    26 |       |       ||    26
       Tailslap          |     3 |       |     2 ||     5
       Morningstar       |       |     9 |    19 ||    28
Invok: Potion Petition   |       |       |     1 ||     1
Evoke: Wand              |     2 |       |     8 ||    10
  Use: Potion            |     1 |       |    11 ||    12
       Scroll            |       |       |     2 ||     2
 Stab: Distracted        |       |     1 |       ||     1
Armor: Scale mail        |     9 |       |       ||     9
       Plate armour      |     2 |    10 |    66 ||    78
Dodge: Dodged            |     5 |     5 |    32 ||    42
Block: Buckler           |     2 |     2 |    32 ||    36

Table legend: (Time is in decaauts)
 A = Elapsed time spent in this place.
 B = Non-inter-level travel time spent in this place.
 C = Inter-level travel time spent in this place.
 D = Time resting spent in this place.
 E = Time spent auto-exploring this place.
 F = Levels seen in this place.
 G = Mean time per level.
                   A        B        C        D        E       F      G
               +--------+--------+--------+--------+--------+-----+--------+
         Total |    670 |    670 |      0 |    404 |      3 |   1 |  670.0 |
       Dungeon |    670 |    670 |      0 |    404 |      3 |   1 |  670.0 |
               +--------+--------+--------+--------+--------+-----+--------+

Top non-repeatable levels by time:
       D: 670 daAuts
